 Dungeon Crawl Stone Soup version 0.26.1-2-gb8aa6d0cf2 (webtiles) character file.

Game seed: 3701248261202574825

371 Descartes the Conjurer (level 6, -1/32 HPs)
             Began as a Deep Elf Conjurer on Mar 14, 2021.
             Killed from afar by an orc wizard (8 damage)
             ... with a magic dart
             ... on level 4 of the Dungeon.
             The game lasted 00:13:16 (4271 turns).

Descartes the Conjurer (Deep Elf Conjurer)          Turns: 4271, Time: 00:13:16

Health: -1/32      AC:  3    Str:  4    XL:     6   Next: 42%
Magic:  5/15       EV: 12    Int: 25    God:
Gold:   152        SH:  0    Dex: 13    Spells: 9/15 levels left

rFire    . . .     SeeInvis +   r - +2 short sword (freeze)
rCold    . . .     Faith    .   w - +1 buckler
rNeg     + . .     Spirit   .   d - +0 leather armour
rPois    .         Reflect  .   (no helmet)
rElec    .         Harm     .   (no cloak)
rCorr    .         Rampage  .   (no gloves)
Will     .....                  (no boots)
Stlth    +.........             (no amulet)
HPRegen  0.10/turn              v - ring of see invisible
MPRegen  0.14/turn              g - ring of positive energy

@: confused
A: no striking features
a: no special abilities


You were on level 4 of the Dungeon.
You visited 1 branch of the dungeon, and saw 4 of its levels.

You collected 152 gold pieces.

Inventory:

Hand Weapons
 p - a +0 halberd
 r - a +2 short sword of freezing (weapon)
Missiles
 a - 69 arrows
 e - 126 stones
 j - 17 poisoned darts (quivered)
 n - 35 sling bullets
Armour
 d - a +0 leather armour (worn)
 u - a +0 tower shield
 w - a +1 buckler (worn)
Jewellery
 g - a ring of positive energy (right hand)
 v - a ring of see invisible (left hand)
Scrolls
 b - a scroll of enchant weapon
 h - 3 scrolls of enchant armour
 i - a scroll of remove curse {unknown}
 q - 2 scrolls of amnesia
Potions
 c - a potion of cancellation
 f - 2 potions of invisibility
 k - a potion of resistance
 l - 3 potions of attraction
 t - 2 potions of might


   Skills:
 - Level 5.0 Dodging
 - Level 5.0 Stealth
 + Level 1.5 Shields
 - Level 5.0 Spellcasting
 - Level 5.0 Conjurations


You had 9 spell levels left.
You knew the following spells:

 Your Spells              Type           Power        Failure   Level
a - Magic Dart            Conj           100%         2%          1
b - Searing Ray           Conj           62%          3%          2
c - Dazzling Flash        Conj/Hex       36%          22%         3

Your spell library contained the following spells:

 Spells                   Type           Power        Failure   Level
 Fulminant Prism          Conj/Hex       9%           56%         4
 Iskenderun's Mystic Bla  Conj/Tloc      18%          56%         4


Dungeon Overview and Level Annotations

Branches:
Dungeon (4/15)
 Temple: D:4-7

Altars:
Sif Muna
Xom


Message History

The orc wizard casts a spell at you. You resist with some effort.
You're too confused to cast spells.
Unknown command.
You're too confused to cast spells.
Unknown command.
You're too confused to cast spells.
Unknown command.
You miss the orc wizard.
The orc wizard is almost dead.
The orc wizard casts a spell at you. You resist with some effort.
You closely miss the orc wizard.
The orc wizard is almost dead.
The orc wizard points at you and mumbles some strange words.
You are more confused.
You bump into the rock wall.
The orc wizard gestures at you while chanting.
The magic dart hits you!
You die...

.........#
.........####.> ........
............#..#.#......
...........###...#......
#..........##...........
#...........##..........
.....##.........#.......
......#.........[o..)...
.....#....#.....@#.
..........#..>..##
#..#...##.....<##
#########.....## ##...##
#####


You could see an orc wizard.

Vanquished Creatures
  4 orc wizards
  2 worker ants (D:4)
  7 gnolls
  7 adders
  4 worms
  A dart slug (D:3)
  A leopard gecko (D:2)
  5 orcs
  6 bats
  3 giant cockroaches
  10 goblins
  7 hobgoblins
  6 jackals (D:2)
  3 quokkas
  6 frilled lizards
  6 kobolds
  2 rats (D:1)
80 creatures vanquished.

Notes
Turn   | Place    | Note
-------+----------+-------------------------------------------
     0 | D:1      | Descartes the Deep Elf Conjurer began the quest for the
                  | Orb.
     0 | D:1      | Reached XP level 1. HP: 10/10 MP: 6/6
     2 | D:1      | Noticed a centaur
     4 | D:1      | Noticed a naga
     4 | D:1      | Noticed a vine stalker
     6 | D:1      | Noticed a dwarf
     6 | D:1      | Noticed a spriggan
     8 | D:1      | Noticed a felid
     8 | D:1      | Noticed an octopode
    10 | D:1      | Noticed a halfling
    10 | D:1      | Noticed an elf
    12 | D:1      | Noticed a minotaur
    12 | D:1      | Noticed a human
    14 | D:1      | Noticed a merfolk
    14 | D:1      | Noticed a draconian
    16 | D:1      | Noticed a gargoyle
    18 | D:1      | Noticed a formicid
    18 | D:1      | Noticed a troll
    20 | D:1      | Noticed a demonspawn
    22 | D:1      | Noticed a ghoul
    22 | D:1      | Noticed a demigod
    24 | D:1      | Noticed a vampire
    24 | D:1      | Noticed a tengu
    26 | D:1      | Noticed an ogre
   513 | D:1      | Reached XP level 2. HP: 15/15 MP: 5/8
   566 | D:1      | Reached skill level 5 in Conjurations
  1456 | D:2      | Reached XP level 3. HP: 19/19 MP: 6/9
  1531 | D:2      | Learned a level 2 spell: Searing Ray
  1903 | D:2      | Reached XP level 4. HP: 24/24 MP: 8/10
  2562 | D:2      | Reached skill level 5 in Dodging
  2906 | D:3      | Reached XP level 5. HP: 28/28 MP: 1/13
  3200 | D:3      | Reached skill level 5 in Spellcasting
  3204 | D:3      | Learned a level 3 spell: Dazzling Flash
  3540 | D:3      | Found a shimmering blue altar of Sif Muna.
  3664 | D:3      | Reached XP level 6. HP: 32/32 MP: 12/15
  3707 | D:3      | Found an opulent altar of Gozag.
  3713 | D:3      | Found a stormy altar of Qazlal.
  3713 | D:3      | Found a sacrificial altar of Ru.
  3715 | D:3      | Found a blossoming altar of Fedhas.
  3715 | D:3      | Found a stormy altar of Qazlal.
  3715 | D:3      | Found a shimmering altar of Xom.
  3815 | D:3      | Found a faded altar of an unknown god.
  4159 | D:4      | Reached skill level 1 in Shields
  4251 | D:4      | Reached skill level 5 in Stealth
  4271 | D:4      | Killed from afar by an orc wizard

Illustrated notes

Levels and vault maps discovered:
D:1:      kb_arrival_jail, layout_basic
D:2:      layout_basic
D:3:      layout_basic, doesnt_xom_only_xom, led_sif_book,
          chequers_ecumenical_altar_grove
D:4:      minmay_spotlight, layout_cave_pools, makhleb_grotto_becter,
          minmay_temple_entry_mist, uniq_menkaure, uniq_ijyb

Skill      XL: |  1  2  3  4  5  6 |
---------------+-------------------+-----
Conjurations   | 5 |  5.0
Dodging        | 3 4 5 |  5.0
Spellcasting   | 4 5 |  5.0
Stealth        | 4 5 |  5.0
Shields        | 1 |  1.5

Action                   |  1- 3 |  4- 6 || total
-------------------------+-------+-------++-------
Melee: Halberd           |       |     3 ||     3
       Short sword       |       |    10 ||    10
 Cast: Magic Dart        |    67 |   131 ||   198
  Use: Scroll            |       |    12 ||    12
       Potion            |       |     1 ||     1
Armor: Leather armour    |       |     1 ||     1
Dodge: Dodged            |     1 |    12 ||    13
Block: Buckler           |       |     1 ||     1
